 Dungeon Crawl Stone Soup version 0.31.0-1-g2c135a0 (webtiles) character file.

Game seed: 14353236277428548597

282 brinewave the Trooper (level 6, -1/56 HPs)
             Began as a Minotaur Fighter on Jan 26, 2024.
             Incinerated by a bombardier beetle (6 damage)
             ... with a burning spray
             ... on level 4 of the Dungeon.
             The game lasted 00:05:16 (1987 turns).

brinewave the Trooper (Minotaur Fighter)            Turns: 1987, Time: 00:05:16

Health: -1/56      AC:  8    Str: 22    XL:     6   Next: 6%
Magic:  5/5        EV:  9    Int:  5    God:
Gold:   205        SH:  0    Dex: 10    Spells: 5/5 levels left

rFire   . . .        a - +0 war axe
rCold   . . .        c - +0 buckler
rNeg    . . .        b - +0 scale mail
rPois   .            (helmet restricted)
rElec   .            (no cloak)
rCorr   .            q - +0 pair of gloves
SInv    .            (no boots)
Will    +....        (no amulet) Stlth
                     (no ring)
HPRegen 0.29/turn    (no ring)
MPRegen 0.09/turn

%: no passive effects
@: confused, on fire, ambrosia-drunk, enlightened, flying, glowing
A: horns 2, retaliatory headbutt
a: no special abilities


You were on level 4 of the Dungeon.
You visited 1 branch of the dungeon, and saw 4 of its levels.

You collected 205 gold pieces.

Inventory:

Hand Weapons
 a - a +0 war axe (weapon)
 r - the +2 dagger of Roobesodd {flame, rC+}
   (You found it on level 2 of the Dungeon)

   rC+:       It protects you from cold.
Missiles
 h - 5 javelins (quivered)
 k - 22 stones
Armour
 b - a +0 scale mail (worn)
 c - a +0 buckler (worn)
 q - a +0 pair of gloves (worn)
Scrolls
 e - 4 scrolls of teleportation
 i - a scroll of fog
 j - a scroll of enchant armour {unknown}
 n - a scroll of fear {unknown}
Potions
 d - a potion of might
 f - a potion of resistance
 m - a potion of mutation
 p - 2 potions of haste


   Skills:
 + Level 5.2 Fighting
 + Level 4.2 Axes
 + Level 5.1 Armour
 + Level 5.1 Shields


You had 5 spell levels left.
You didn't know any spells.
Your spell library contained the following spells:

 Spells                   Type           Power      Damage    Failure   Level
 Shock                    Conj/Air       0%         1d3       85%         1
 Fugue of the Fallen      Necr           0%         N/A       99%         3
 Ozocubu's Armour         Ice            0%         N/A       99%         3
 Swiftness                Air            0%         N/A       99%         3
 Tukima's Dance           Hex            0%         N/A       99%         3
 Airstrike                Air            0%         2d(0-16)  100%        4
 Dimensional Bullseye     Hex/Tloc       0%         N/A       100%        4
 Iskenderun's Mystic Bla  Conj/Tloc      0%         2d3       100%        4
 Manifold Assault         Tloc           0%         N/A       100%        4


Dungeon Overview and Level Annotations

Branches:
Dungeon (4/15)
 Temple: D:4-7

Altars:


Innate Abilities, Weirdness & Mutations

You have a pair of horns on your head.
You reflexively headbutt those who attack you in melee.


Message History

You slash the phantom!
You destroy the phantom!
You closely miss the bombardier beetle. The liquid fire burns you!
Your Fighting skill increases to level 5!
Your Axes skill increases to level 4!
Your Armour skill increases to level 5!
Your Shields skill increases to level 5!
You hit the bombardier beetle.
The bombardier beetle is heavily wounded.
The liquid fire burns you! The bombardier beetle bites you.
You closely miss the bombardier beetle.
The bombardier beetle is heavily wounded.
The liquid fire burns you!
The bombardier beetle closely misses you.
You slash the bombardier beetle!
You kill the bombardier beetle!
The liquid fire burns you!
You have reached level 6!
You are on fire!
The liquid fire burns you!
* * * LOW HITPOINT WARNING * * *
The liquid fire burns you!
* * * LOW HITPOINT WARNING * * *
The liquid fire burns you!
* * * LOW HITPOINT WARNING * * *
The liquid fire burns you!
* * * LOW HITPOINT WARNING * * *
It was a potion of ambrosia.
You are confused.
You feel invigorated. The liquid fire burns you!
* * * LOW HITPOINT WARNING * * *
It was a potion of enlightenment.
You feel very buoyant.
You fly up into the air.
The liquid fire burns you!
* * * LOW HITPOINT WARNING * * *
The liquid fire burns you!
You die...

># ..# .. .#.... #.
..# ... #.... ##( #.#
... #.... ..( #.#....
###.$.....#. #.#...
....##.###§##.#.#
#...........)...#
##...#.##.####...##.
#..@................
##.†........##...#..
#.....##...##...#..
..##.................
.......<....#<####.##.
....$..............#
.......#..#.....#..#
......#.##.###.#.##.#
....#..##.⌠.# #.⌠.#


There were no monsters in sight!

Vanquished Creatures
  An ogre (D:3)
  A phantom (D:4)
  A bombardier beetle (D:4)
  A gnoll (D:1)
  2 adders
  5 dart slugs
  2 ribbon worms (D:2)
  4 endoplasms
  A giant cockroach (D:3)
  8 goblins
  4 hobgoblins
  3 quokkas
  5 ball pythons
  A bat (D:1)
  3 frilled lizards
  4 kobolds
  5 rats
51 creatures vanquished.

Notes
Turn   | Place    | Note
-------+----------+-------------------------------------------
     0 | D:1      | brinewave the Minotaur Fighter began the quest for the Orb.
     0 | D:1      | Reached XP level 1. HP: 19/19 MP: 0/0
    87 | D:1      | Reached XP level 2. HP: 27/27 MP: 1/1
   587 | D:1      | Reached XP level 3. HP: 33/33 MP: 2/2
  1025 | D:2      | Identified the +2 dagger of Roobesodd {flame, rC+}
  1252 | D:3      | Reached XP level 4. HP: 41/41 MP: 3/3
  1270 | D:3      | Noticed an ogre
  1276 | D:3      | Killed an ogre
  1277 | D:3      | Reached XP level 5. HP: 5/47 MP: 4/4
  1962 | D:4      | Noticed a phantom
  1977 | D:4      | Killed a phantom
  1978 | D:4      | Reached skill level 5 in Fighting
  1978 | D:4      | Reached skill level 5 in Armour
  1978 | D:4      | Reached skill level 5 in Shields
  1981 | D:4      | Reached XP level 6. HP: 21/56 MP: 5/5
  1985 | D:4      | HP: 2/56 [burnt (3)]
  1987 | D:4      | Incinerated by a bombardier beetle

Illustrated notes

Levels and vault maps discovered:
D:1:      psy_arrival_statuary, layout_loops_ring,
          minmay_misc_feat_secret_circle
D:2:      layout_rooms
D:3:      layout_loops_ring, grunt_decor_one_mirror
D:4:      layout_basic, serial_shops, nicolae_square_shop,
          grunt_decor_mini_mirrors, corexii_shack, st_stairs_7

Skill      XL: |  1  2  3  4  5 |
---------------+----------------+-----
Fighting       | 4 5 |  5.2
Armour         | 4 5 |  5.1
Shields        | 4 5 |  5.1
Axes           | 3 4 |  4.2

Action                     |  1- 3 |  4- 6 || total
---------------------------+-------+-------++-------
  Melee: War axe           |    95 |    31 ||   126
         Headbutt          |    12 |     4 ||    16
  Throw: Javelin           |       |     6 ||     6
    Use: Scroll            |     5 |     2 ||     7
         Potion            |       |     2 ||     2
 Armour: Scale mail        |    54 |    19 ||    73
  Dodge: Dodged            |    32 |    13 ||    45
  Block: Buckler           |    27 |     5 ||    32
